 Dungeon Sprint DCSS version 0.22-a0-142-g91cc6d7 (webtiles) character file.

25 esc the Vexing (level 3, -17/19 HPs)
             Began as a Kobold Enchanter on Feb 5, 2018.
             Demolished by an ogre
             ... wielding a +0 giant spiked club
              (21 damage)
             ... in the Dungeon (Sprint I: "Red Sonja").
             The game lasted 00:01:21 (77 turns).

esc the Vexing (Kobold Enchanter)                     Turns: 77, Time: 00:01:21

Health: -17/19     AC:  2    Str:  6    XL:     3   Next: 17%
Magic:  1/9        EV: 15    Int: 16    God:
Gold:   0          SH:  0    Dex: 15    Spells: 2/11 levels left

rFire    . . .     SeeInvis .   a - +1 dagger
rCold    . . .     Gourm    .   (shield restricted)
rNeg     . . .     Faith    .   b - +0 robe
rPois    .         Spirit   .   (no helmet)
rElec    .         Reflect  .   (no cloak)
rCorr    .         Harm     .   (no gloves)
MR       .....     NoTele   +   (no boots)
Stlth    +++.......             (no amulet)
HPRegen  0.06/turn              (no ring)
MPRegen  0.11/turn              (no ring)

@: very slightly contaminated
A: small, carnivore
a: no special abilities


You were in the Dungeon.
You were not hungry.

You visited 1 branch

Inventory:

Hand Weapons
 a - a +1 dagger (weapon)
Armour
 b - a +0 robe (worn)
Wands
 i - a wand of polymorph (15)
   (You took it off Ijyb in the Dungeon)
Scrolls
 j - a scroll of blinking {!r}
Potions
 e - a potion of curing
 f - a potion of heal wounds
 g - a potion of haste
 h - 2 potions of magic
Books
 c - a book of Maledictions
Comestibles
 d - a ration


   Skills:
 + Level 0.0 Fighting
 + Level 1.3 Short Blades
 + Level 2.4 Dodging
 + Level 4.0 Stealth
 + Level 4.5 Spellcasting
 + Level 5.0 Hexes


You had 2 spell levels left.
You knew the following spells:

 Your Spells              Type           Power        Failure   Level  Hunger
a - Ensorcelled Hibernat  Hex/Ice        ##....       9%          2    ##.....
b - Dazzling Spray        Conj/Hex       ##....       17%         3    ###....
c - Confuse               Hex            ###.....     6%          3    ###....
v - Corona                Hex            ###....      1%          1    None


Dungeon Overview and Level Annotations

Branches:
Dungeon (1/1)

Altars:


Innate Abilities, Weirdness & Mutations

You are small and have problems with some larger weapons.
You are carnivorous and can eat meat at any time.


Message History

You now have 15/15 hp.
You puncture Ijyb! You hit Ijyb. Ijyb misses you.
You hit Ijyb. You hit Ijyb.
Ijyb drinks a potion.
Ijyb is healed!
You hit Ijyb. You hit Ijyb. Ijyb barely misses you.
You closely miss Ijyb. Ijyb closely misses you.
You puncture Ijyb! You hit Ijyb.
You kill Ijyb!
Your Spellcasting skill gained 2 levels and is now at level 4!
Your Hexes skill gained 2 levels and is now at level 5!
You have reached level 2!
You have reached level 3!
Your experience leads to an increase in your attributes!
Your base attributes are Str 5, Int 16, Dex 15.
Increase (S)trength, (I)ntelligence, or (D)exterity?
You feel stronger.
Health restored: 28
i - a wand of polymorph (15)
Things that are here:
a scale mail; the goblin corpse of Ijyb You butcher the goblin corpse of Ijyb.
You feel a strong urge to attack something.
k - a chunk of flesh {@w0} You see here a scale mail.
You are no longer berserk.
You are exhausted.
You feel yourself slow down.
You now have 19/19 hp.
Unknown command.
Memorise Ensorcelled Hibernation, consuming 2 spell levels and leaving 8?
You start memorising the spell.
You continue memorising. x2
You finish memorising.
Spell assigned to 'a'.
Memorise Confuse, consuming 3 spell levels and leaving 5?
You start memorising the spell.
You continue memorising. x3
You finish memorising.
Spell assigned to 'c'.
Memorise Dazzling Spray, consuming 3 spell levels and leaving 2?
You start memorising the spell.
You continue memorising. x3
You finish memorising.
Spell assigned to 'b'.
You start resting.
Eating a chunk of flesh {@w0}.
You eat the chunk of flesh {@w0}.
This raw flesh tastes great.
You feel yourself speed up.
You regained 3 mp, and now have 8/9 mp.
You start resting.
MP restored: 9 As you open the door, it creaks loudly!
An ogre comes into view. It is wielding a giant spiked club.
The ogre shouts!
Aim: an ogre, wielding a giant spiked club (chance to defeat MR: 42%)
The ogre resists with some effort.
You now have 7/9 mp.
Aim: an ogre, wielding a giant spiked club (chance to defeat MR: 42%)
The ogre resists with some effort.
The ogre completely misses you.
You now have 5/9 mp.
Aim: an ogre, wielding a giant spiked club (chance to defeat MR: 42%)
The ogre resists with some effort.
The ogre misses you.
You now have 3/9 mp.
Aim: an ogre, wielding a giant spiked club (chance to defeat MR: 42%)
The ogre looks drowsy...
You now have 1/9 mp.
The helpless ogre fails to defend itself.
You puncture the ogre! The ogre completely misses you.
You don't have enough magic to cast that spell.
You see here a scale mail.
There is an open door here.
That would be overly suicidal.
Okay, then.
You don't have enough magic to cast that spell.
Unknown command.
Okay, then.
Unknown command.
You recover from your berserk rage.
There is a fountain of clear blue water here.
Aim: an ogre, wielding a giant spiked club (heavily wounded, not susceptible)
Okay, then.
Unknown command.
You hit the ogre. The ogre barely misses you.
The ogre hits you with a giant spiked club!
You take 8 damage, and have 11/19 hp.
MASSIVE DAMAGE!!
There is an open door here.
Aim: an ogre, wielding a giant spiked club (heavily wounded, chance to defeat MR: 42%)
You miscast Ensorcelled Hibernation.
You are very lightly contaminated with residual magic.
The light around you dims momentarily.
The ogre hits you with a giant spiked club!
* * * LOW HITPOINT WARNING * * *
You take 7 damage, and have 4/19 hp.
MASSIVE DAMAGE!!
You now have 1/9 mp.
You see here a scale mail.
There is an open door, spattered with blood here.
You open the door.
The ogre hits you with a giant spiked club!!
Ouch! That really hurt!
You die...

##########
#<.#..O..#
#..'[.#@.+
#..#####'#
#..# $#
#..# ##
#..# #⌠⌠#
####


You could see an ogre.

Vanquished Creatures
  Ijyb (D)
1 creature vanquished.

Notes
Turn   | Place    | Note
-------+----------+-------------------------------------------
     0 | D        | esc the Kobold Enchanter began the quest for the Orb.
     0 | D        | Reached XP level 1. HP: 10/10 MP: 3/3
     2 | D        | Noticed Ijyb
    12 | D        | Killed Ijyb
    12 | D        | Reached skill level 4 in Spellcasting
    12 | D        | Reached skill level 5 in Hexes
    12 | D        | Reached XP level 2. HP: 15/15 MP: 3/7
    12 | D        | Reached XP level 3. HP: 19/19 MP: 3/9
    21 | D        | Learned a level 2 spell: Ensorcelled Hibernation
    25 | D        | Learned a level 3 spell: Confuse
    29 | D        | Learned a level 3 spell: Dazzling Spray
    53 | D        | Noticed an ogre
    72 | D        | HP: 4/19 [ogre/giant spiked club (7)]
    77 | D        | Demolished by an ogre

Vault maps used:
D:        dungeon_sprint_1

Skill      XL: |  1 |
---------------+----+-----
Spellcasting   | 4 |  4.5
Hexes          | 5 |  5.0
Short Blades   | |  1.3
Dodging        | |  2.4
Stealth        | |  4.0

Action                   || total
-------------------------++-------
Melee: Dagger            ||    11
 Cast: Ensorcelled Hiber ||     4
  Use: Potion            ||     1
 Stab: Sleeping          ||     1
  Eat: Chunk             ||     1
Dodge: Dodged            ||     7

Table legend:
 A = Spawn XP
 B = Non-spawn XP
 C = Spawn XP percentage of total XP
 D = Spawn monster count
 E = Non-spawn monster count
 F = Spawn count percentage of total count
 G = Total turns spent on level
                    A         B        C        D         E        F      G
               +---------+---------+-------+---------+---------+-------+---------
         Total |       0 |      36 |   0.0 |       0 |       1 |   0.0 |    77
               +---------+---------+-------+---------+---------+-------+---------
             D |       0 |      36 |   0.0 |       0 |       1 |   0.0 |    77
               +---------+---------+-------+---------+---------+-------+---------

Vault maps used:
D:        dungeon_sprint_1

Table legend:
 A = Turns spent in this place as a percentage of turns spent in the entire game.
 B = Non-inter-level travel turns spent in this place as a percentage of non-inter-level travel turns spent in the entire game.
 C = Inter-level travel turns spent in this place as a percentage of turns spent in this place.
 D = Turns resting spent in this place as a percentage of non-inter-level travel turns spent in this place.
 E = Turns spent auto-exploring this place as a percentage of non-inter-level travel turns spent in this place.
 F = Non-inter-level travel turns spent in this place divided by the number of levels of this place that you've seen.
                   A       B       C       D       E      F
               +-------+-------+-------+-------+-------+----------------------
         Total | 100.0 | 100.0 |   0.0 |  31.2 |   0.0 |  77.0
       Dungeon | 100.0 | 100.0 |   0.0 |  31.2 |   0.0 |  77.0
               +-------+-------+-------+-------+-------+----------------------

Table legend:
 A = Kills in this place as a percentage of kills in entire the game.
 B = Kills by you in this place as a percentage of kills by you in the entire game.
 C = Kills by friends in this place as a percentage of kills by friends in the entire game.
 D = Other kills in this place as a percentage of other kills in the entire game.
 E = Experience gained in this place as a percentage of experience gained in the entire game.
 F = Experience gained in this place divided by the number of levels of this place that you have seen.
                   A       B       C       D       E      F
               +-------+-------+-------+-------+-------+----------------------
         Total | 100.0 | 100.0 |   N/A |   N/A | 100.0 |  36.0
       Dungeon | 100.0 | 100.0 |   N/A |   N/A | 100.0 |  36.0
               +-------+-------+-------+-------+-------+----------------------
